Colorado Rockies vs Minnesota North Stars
(R1)
Created - Wednesday, September 13, 2023 at 07:13
Goals
|
| Colorado Rockies |
1 |
2 |
0 |
0 |
2 |
4 |
| Minnesota North Stars |
0 |
1 |
2 |
0 |
1 |
3 |
|
Shots
|
| Colorado Rockies |
14 |
13 |
7 |
3 |
4 |
37 |
| Minnesota North Stars |
7 |
9 |
7 |
1 |
4 |
24 |
|
1st period
1. Colorado Rockies , Nick Schmaltz 1 (Jesper Bratt 7, Victor Hedman 2) at 12:25
Penalties :
Frank Vatrano (MNS) for Holding (Minor) at 4:22, Brandon Montour (MNS) for Hooking (Minor) at 8:10, Nikita Kucherov (COL) for Hooking (Minor) at 14:07, Nick Schmaltz (COL) for Holding (Minor) at 16:24
2nd period
2. Colorado Rockies , Nikita Kucherov 9 (Kyle Connor 8, Tim Stutzle 9) at 8:28 (PP)
3. Minnesota North Stars , Alexander Barabanov 4 (Evgeni Malkin 17) at 10:23 (PP)
4. Colorado Rockies , Dylan Strome 1 (Tim Stutzle 10) at 16:34
Penalties :
Evgeny Kuznetsov (COL) for Holding (Minor) at 4:05, Adam Lowry (MNS) for Roughing (Minor) at 7:00, Roman Josi (COL) for Tripping (Minor) at 10:15, Neal Pionk (MNS) for Hooking (Minor) at 13:06, Evgeny Kuznetsov (COL) for Holding (Minor) at 17:52
3rd period
5. Minnesota North Stars , Ryan Nugent-Hopkins 11 (Jeff Skinner 9, Gustav Forsling 5) at 2:11 (PP)
6. Minnesota North Stars , Ryan Nugent-Hopkins 12 (Jack Hughes 8) at 8:17
Penalties :
Quinn Hughes (COL) for Holding Stick (Minor) at 0:35, Evgeny Kuznetsov (COL) for Tripping (Minor) at 4:08, Gustav Forsling (MNS) for Interference (Minor) at 10:56, Rasmus Dahlin (MNS) for Tripping (Minor) at 14:29
Overtime #1
No Goal
Penalties :
No Penalty
Shootout
Colorado Rockies, Tim Stutzle - Goal!
Minnesota North Stars, Ryan Nugent-Hopkins - Stopped by Andrei Vasilevskiy
Colorado Rockies, Nikita Kucherov - Stopped by Stuart Skinner
Minnesota North Stars, Evgeni Malkin - Goal!
Colorado Rockies, David Pastrnak - Stopped by Stuart Skinner
Minnesota North Stars, Rasmus Dahlin - Shot Misses the Net
Colorado Rockies, Kyle Connor - Goal!
Minnesota North Stars, Evan Rodrigues - Stopped by Andrei Vasilevskiy
Penalties :
No Penalty
Goalie Stats
Andrei Vasilevskiy (COL), 21 saves from 24 shots - (0.875), W, 8-5-1, 65:00 minutes
Stuart Skinner (MNS), 34 saves from 37 shots - (0.919), OTL, 4-0-1, 65:00 minutes
Players Stats for Colorado Rockies
Player Name G A P +/- PIM S H SB GA TA FO MP PP MP PK MP
------------------------------------------------------------------------------------
David Pastrnak 0 0 0 0 0 3 1 1 1 0 0/0 17:55 6:01 0:00
Dylan Strome 1 0 1 1 0 1 1 0 0 0 3/6 7:51 0:00 0:16
Evgeny Kuznetsov 0 0 0 0 6 2 3 1 0 1 5/15 14:34 0:00 2:47
Jesper Bratt 0 1 1 1 0 0 0 0 0 1 0/1 15:17 5:57 0:38
Kevin Hayes 0 0 0 0 0 2 0 0 0 0 0/0 5:40 0:00 0:00
Kyle Connor 0 1 1 0 0 0 0 0 0 0 1/2 15:42 5:19 0:00
Kyle Palmieri 0 0 0 0 0 2 0 0 1 0 0/0 6:35 0:22 0:00
Martin Fehervary 0 0 0 1 0 1 1 0 0 1 0/0 12:19 0:00 1:31
Nick Bonino 0 0 0 0 0 3 1 0 0 2 2/7 14:17 0:48 5:47
Nick Schmaltz 1 0 1 1 2 6 1 0 0 1 2/4 12:57 0:25 2:49
Nikita Kucherov 1 0 1 0 2 7 1 0 2 0 2/2 18:22 4:57 0:00
Quinn Hughes 0 0 0 -1 2 0 1 2 0 1 0/0 26:11 5:32 4:45
Roman Josi 0 0 0 1 2 3 1 3 0 0 0/0 25:55 5:46 5:23
Ryan O'Reilly 0 0 0 0 0 2 3 0 0 0 22/36 24:15 5:20 5:25
Shea Theodore 0 0 0 1 0 1 0 1 0 0 0/0 11:30 0:05 0:00
Tim Stutzle 0 2 2 0 0 2 3 0 0 1 1/6 24:51 5:00 5:36
Victor Hedman 0 1 1 0 0 1 2 2 1 1 0/0 28:24 5:51 5:31
Zachary Werenski 0 0 0 0 0 1 2 0 0 0 0/0 25:39 5:32 6:08
Players Stats for Minnesota North Stars
Player Name G A P +/- PIM S H SB GA TA FO MP PP MP PK MP
------------------------------------------------------------------------------------
Adam Lowry 0 0 0 0 2 1 2 0 0 1 2/3 17:11 0:00 4:12
Alexander Barabanov 1 0 1 -1 0 3 1 1 0 0 0/0 14:44 5:17 1:23
Brandon Montour 0 0 0 1 2 2 1 0 0 1 0/0 21:09 5:28 0:00
Derick Brassard 0 0 0 0 0 0 0 0 0 0 2/4 6:22 0:00 0:06
Eeli Tolvanen 0 0 0 0 0 1 0 0 0 0 0/0 6:16 0:00 0:00
Evan Rodrigues 0 0 0 0 0 1 0 0 0 0 0/0 7:02 0:00 0:00
Evgeni Malkin 0 1 1 0 0 3 1 0 0 0 15/32 23:54 5:17 5:47
Frank Vatrano 0 0 0 0 2 0 1 0 1 0 0/0 10:39 0:00 0:00
Gustav Forsling 0 1 1 0 2 0 2 1 0 1 0/0 23:44 6:11 4:29
Jack Hughes 0 1 1 0 0 1 0 0 0 1 0/1 20:37 6:22 0:37
Jamie Oleksiak 0 0 0 1 0 1 3 4 0 0 0/0 19:19 0:00 5:52
Jeff Skinner 0 1 1 -1 0 2 0 0 3 0 0/0 15:30 6:22 0:00
Jonathan Toews 0 0 0 -1 0 2 0 0 2 0 5/7 14:55 0:03 5:48
Justin Holl 0 0 0 0 0 0 1 1 0 1 0/0 14:55 0:00 3:11
Neal Pionk 0 0 0 -2 2 1 1 0 0 0 0/0 24:30 6:11 4:26
Rasmus Dahlin 0 0 0 -2 2 0 2 2 1 0 0/0 26:59 5:28 4:48
Ryan Nugent-Hopkins 2 0 2 0 0 4 1 0 1 0 17/29 24:52 6:22 4:53
Viktor Arvidsson 0 0 0 0 0 2 0 0 1 0 0/3 15:53 5:14 0:00
3 Stars
1 - Ryan Nugent-Hopkins (MNS)
2 - Tim Stutzle (COL)
3 - Dylan Strome (COL)
Power Play
Colorado Rockies - 1 on 6 Attempt(s) - 16.67%
Minnesota North Stars - 2 on 7 Attempt(s) - 28.57%
Penalty Kill
Colorado Rockies - 5 on 7 Attempt(s) - 71.43%
- Score 0 goal in Penalty Kill
Minnesota North Stars - 5 on 6 Attempt(s) - 83.33%
- Score 0 goal in Penalty Kill
Team Stat
Colorado Rockies - Hits : 21 - Faceoff Wins : 38 - Blocked Shots : 10 - Penalty Minutes : 14
Minnesota North Stars - Hits : 16 - Faceoff Wins : 41 - Blocked Shots : 9 - Penalty Minutes : 12
Official
Referees : Tim Peel and Kelly Sutherland
Linesman : Bryan Pancich and Michel Cormier
Game Notes
No Game Note
Finance
Level 1 -- Attendance: 4732 (78.87%) -- Ticket Income $473,200
Level 2 -- Attendance: 3982 (79.64%) -- Ticket Income $238,920
Level 3 -- Attendance: 2309 (76.97%) -- Ticket Income $80,815
Level 4 -- Attendance: 3758 (75.16%) -- Ticket Income $93,950
Luxury Box -- Attendance: 751 (75.10%) -- Ticket Income $150,200
Game was played at the Met Center.
Total Attendance: 15532 (77.66%)
Total Ticket Income: $1,037,085
Other Income: $362,980
Total Income: $1,400,065
Colorado Rockies
5 vs 5 Forward
Center Left Wing Right Wing Time % Phy DF OF
1 Ryan O'Reilly Tim Stutzle Nikita Kucherov 33 1 2 2
2 Evgeny Kuznetsov Kyle Connor David Pastrnak 30 1 2 2
3 Dylan Strome Jesper Bratt Nick Schmaltz 25 1 2 2
4 Nick Bonino Kevin Hayes Kyle Palmieri 12 1 2 2
5 vs 5 Defense
Defense Defense Time % Phy DF OF
1 Victor Hedman Quinn Hughes 35 1 2 2
2 Roman Josi Zachary Werenski 33 1 2 2
3 Shea Theodore Martin Fehervary 27 1 2 2
4 Victor Hedman Roman Josi 5 1 2 2
PowerPlay Forward
Center Left Wing Right Wing Time % Phy DF OF
1 Tim Stutzle Kyle Connor Nikita Kucherov 50 1 2 2
2 Ryan O'Reilly Jesper Bratt David Pastrnak 50 1 2 2
PowerPlay Defense
Defense Defense Time % Phy DF OF
1 Victor Hedman Roman Josi 50 1 2 2
2 Quinn Hughes Zachary Werenski 50 1 2 2
Penalty Kill 4 Players Forward
Center Wing Time % Phy DF OF
1 Ryan O'Reilly Nick Bonino 50 1 2 2
2 Evgeny Kuznetsov Tim Stutzle 50 1 2 2
Penalty Kill 4 Players Defense
Defense Defense Time % Phy DF OF
1 Victor Hedman Roman Josi 50 1 2 2
2 Quinn Hughes Zachary Werenski 50 1 2 2
Penalty Kill - 3 Players Forward
Forward Time % Phy DF OF
1 Ryan O'Reilly 50 1 2 2
2 Nick Bonino 50 1 2 2
Penalty Kill - 3 Players Defense
Defense Defense Time % Phy DF OF
1 Victor Hedman Roman Josi 50 1 2 2
2 Quinn Hughes Zachary Werenski 50 1 2 2
4 vs 4 Forward
Center Wing Time % Phy DF OF
1 Tim Stutzle Nikita Kucherov 50 1 2 2
2 Ryan O'Reilly David Pastrnak 50 1 2 2
4 vs 4 Defense
Defense Defense Time % Phy DF OF
1 Victor Hedman Roman Josi 50 1 2 2
2 Quinn Hughes Zachary Werenski 50 1 2 2
Last Minutes Offensive
Center Left Wing Right Wing Defense Defense
Tim Stutzle Kyle Connor Nikita Kucherov Victor Hedman Roman Josi
Last Minutes Defensive
Center Left Wing Right Wing Defense Defense
Tim Stutzle Kyle Connor Nikita Kucherov Victor Hedman Roman Josi
Goaltenders
Starting : Andrei Vasilevskiy
Backup : Ilya Samsonov
Extra Forwards
Normal : Nick Bonino, Ryan O'Reilly, Evgeny Kuznetsov - PP : Nick Bonino, Ryan O'Reilly - PK : Evgeny Kuznetsov
Extra Defensemen
Normal : Shea Theodore, Martin Fehervary, Quinn Hughes - PP : Shea Theodore - PK : Martin Fehervary, Quinn Hughes
Penalty Shots
Tim Stutzle, Nikita Kucherov, David Pastrnak, Kyle Connor, Jesper Bratt
Minnesota North Stars
5 vs 5 Forward
Center Left Wing Right Wing Time % Phy DF OF
1 Ryan Nugent-Hopkins Adam Lowry Jack Hughes 32 1 2 2
2 Evgeni Malkin Viktor Arvidsson Frank Vatrano 32 1 2 2
3 Jonathan Toews Alexander Barabanov Jeff Skinner 27 1 2 2
4 Derick Brassard Eeli Tolvanen Evan Rodrigues 9 1 2 2
5 vs 5 Defense
Defense Defense Time % Phy DF OF
1 Rasmus Dahlin Neal Pionk 35 1 2 2
2 Jamie Oleksiak Brandon Montour 35 1 2 2
3 Gustav Forsling Justin Holl 30 1 2 2
4 Rasmus Dahlin Gustav Forsling 0 1 2 2
PowerPlay Forward
Center Left Wing Right Wing Time % Phy DF OF
1 Ryan Nugent-Hopkins Jeff Skinner Jack Hughes 50 1 1 3
2 Evgeni Malkin Alexander Barabanov Viktor Arvidsson 50 1 1 3
PowerPlay Defense
Defense Defense Time % Phy DF OF
1 Rasmus Dahlin Brandon Montour 50 1 2 2
2 Gustav Forsling Neal Pionk 50 1 2 2
Penalty Kill 4 Players Forward
Center Wing Time % Phy DF OF
1 Ryan Nugent-Hopkins Adam Lowry 50 1 2 2
2 Evgeni Malkin Jonathan Toews 50 1 2 2
Penalty Kill 4 Players Defense
Defense Defense Time % Phy DF OF
1 Rasmus Dahlin Jamie Oleksiak 50 2 2 1
2 Neal Pionk Gustav Forsling 50 2 2 1
Penalty Kill - 3 Players Forward
Forward Time % Phy DF OF
1 Ryan Nugent-Hopkins 50 1 2 2
2 Evgeni Malkin 50 1 2 2
Penalty Kill - 3 Players Defense
Defense Defense Time % Phy DF OF
1 Rasmus Dahlin Jamie Oleksiak 50 2 2 1
2 Neal Pionk Gustav Forsling 50 2 2 1
4 vs 4 Forward
Center Wing Time % Phy DF OF
1 Ryan Nugent-Hopkins Jack Hughes 50 1 2 2
2 Evgeni Malkin Jeff Skinner 50 1 2 2
4 vs 4 Defense
Defense Defense Time % Phy DF OF
1 Rasmus Dahlin Neal Pionk 50 1 2 2
2 Gustav Forsling Brandon Montour 50 1 2 2
Last Minutes Offensive
Center Left Wing Right Wing Defense Defense
Ryan Nugent-Hopkins Evgeni Malkin Jack Hughes Rasmus Dahlin Brandon Montour
Last Minutes Defensive
Center Left Wing Right Wing Defense Defense
Ryan Nugent-Hopkins Adam Lowry Jonathan Toews Rasmus Dahlin Jamie Oleksiak
Goaltenders
Starting : Stuart Skinner
Backup : Antti Raanta
Extra Forwards
Normal : Adam Lowry, Jonathan Toews, Evan Rodrigues - PP : Jeff Skinner, Jonathan Toews - PK : Adam Lowry
Extra Defensemen
Normal : Neal Pionk, Justin Holl, Rasmus Dahlin - PP : Neal Pionk - PK : Justin Holl, Rasmus Dahlin
Penalty Shots
Ryan Nugent-Hopkins, Evgeni Malkin, Rasmus Dahlin, Evan Rodrigues, Jack Hughes
% Time on Ice - Colorado Rockies
Lines # - Real PCT - Wanted PCT - Time Play
Normal Forward
1 - 32% - 33% - 11:58
2 - 33% - 30% - 12:08
3 - 19% - 25% - 7:12
4 - 15% - 12% - 5:40
Normal Defense
1 - 37% - 35% - 13:30
2 - 31% - 33% - 11:23
3 - 29% - 27% - 10:41
4 - 4% - 5% - 1:24
PP Forward
1 - 47% - 50% - 5:22
2 - 53% - 50% - 6:01
PP Defense
1 - 51% - 50% - 5:51
2 - 49% - 50% - 5:32
PK Forward
1 - 46% - 50% - 5:25
2 - 54% - 50% - 6:14
PK Defense
1 - 47% - 50% - 5:31
2 - 53% - 50% - 6:08
PK3 Forward
1 - 0% - 50%
2 - 0% - 50%
PK3 Defense
1 - 0% - 50%
2 - 0% - 50%
44 Forward
1 - 55% - 50% - 2:45
2 - 45% - 50% - 2:15
44 Defense
1 - 54% - 50% - 2:41
2 - 46% - 50% - 2:19
Last Minute Offensive - 0:00
Last Minute Defensive - 0:00
Total
Forward - 65:00
Defense - 65:00
|
% Time on Ice - Minnesota North Stars
Lines # - Real PCT - Wanted PCT - Time Play
Normal Forward
1 - 33% - 32% - 12:13
2 - 31% - 32% - 11:25
3 - 19% - 27% - 7:04
4 - 17% - 9% - 6:16
Normal Defense
1 - 38% - 35% - 13:58
2 - 34% - 35% - 12:29
3 - 28% - 30% - 10:31
4 - 0% - 0% - 0:00
PP Forward
1 - 55% - 50% - 6:22
2 - 45% - 50% - 5:17
PP Defense
1 - 47% - 50% - 5:28
2 - 53% - 50% - 6:11
PK Forward
1 - 46% - 50% - 5:15
2 - 54% - 50% - 6:08
PK Defense
1 - 52% - 50% - 5:52
2 - 48% - 50% - 5:31
PK3 Forward
1 - 0% - 50%
2 - 0% - 50%
PK3 Defense
1 - 0% - 50%
2 - 0% - 50%
44 Forward
1 - 58% - 50% - 2:53
2 - 42% - 50% - 2:07
44 Defense
1 - 54% - 50% - 2:41
2 - 46% - 50% - 2:19
Last Minute Offensive - 0:00
Last Minute Defensive - 0:00
Total
Forward - 65:00
Defense - 65:00
|
Play-by-Play
1st period
0:01 of 1st period - Ryan O'Reilly wins face-off versus Ryan Nugent-Hopkins in neutral zone.
0:12 of 1st period - Snap shot by Ryan Nugent-Hopkins.
0:12 of 1st period - Stopped by Andrei Vasilevskiy without a rebound.
0:13 of 1st period - Kyle Connor wins face-off versus Evgeni Malkin in Colorado Rockies zone.
1:13 of 1st period - Wrist shot by Kyle Palmieri.
1:13 of 1st period - Deflect By Kevin Hayes.
1:13 of 1st period - Shot Blocked by Gustav Forsling.
1:13 of 1st period - Puck is out of play.
1:14 of 1st period - Ryan Nugent-Hopkins wins face-off versus Tim Stutzle in Minnesota North Stars zone.
1:43 of 1st period - Snap shot by Kyle Connor.
1:43 of 1st period - Shot Misses the Net.
1:51 of 1st period - Slapshot by Frank Vatrano.
1:51 of 1st period - Deflect By Viktor Arvidsson.
1:51 of 1st period - Shot Misses the Net.
1:51 of 1st period - Puck is out of play.
1:52 of 1st period - Jonathan Toews wins face-off versus Dylan Strome in Colorado Rockies zone.
2:01 of 1st period - Snap shot by Jeff Skinner.
2:01 of 1st period - Shot Blocked by Quinn Hughes.
2:03 of 1st period - Wrist shot by Jamie Oleksiak.
2:03 of 1st period - Shot Misses the Net.
2:05 of 1st period - Slapshot by Jamie Oleksiak.
2:05 of 1st period - Shot Blocked by Quinn Hughes.
2:07 of 1st period - Wrist shot by Jonathan Toews.
2:07 of 1st period - Stopped by Andrei Vasilevskiy with a rebound.
2:09 of 1st period - Slapshot by Brandon Montour.
2:09 of 1st period - Stopped by Andrei Vasilevskiy without a rebound.
2:10 of 1st period - Ryan O'Reilly wins face-off versus Jack Hughes in Colorado Rockies zone.
2:10 of 1st period - Ryan O'Reilly is hit by Adam Lowry.
2:36 of 1st period - Victor Hedman is hit by Justin Holl and loses puck.
2:45 of 1st period - Wrist shot by Evgeni Malkin.
2:45 of 1st period - Shot Misses the Net.
2:47 of 1st period - Slapshot by Jamie Oleksiak.
2:47 of 1st period - Stopped by Andrei Vasilevskiy with a rebound.
2:49 of 1st period - Wrist shot by Frank Vatrano.
2:49 of 1st period - Shot Misses the Net.
3:35 of 1st period - Neal Pionk is hit by Dylan Strome and loses puck.
3:48 of 1st period - Slapshot by Tim Stutzle.
3:48 of 1st period - Shot Blocked by Rasmus Dahlin.
3:50 of 1st period - Slapshot by Martin Fehervary.
3:50 of 1st period - Stopped by Stuart Skinner without a rebound.
3:51 of 1st period - Adam Lowry wins face-off versus Ryan O'Reilly in Minnesota North Stars zone.
4:18 of 1st period - Wrist shot by Nikita Kucherov.
4:18 of 1st period - Stopped by Stuart Skinner without a rebound.
4:19 of 1st period - Evgeny Kuznetsov wins face-off versus Evgeni Malkin in Minnesota North Stars zone.
4:20 of 1st period - Slapshot by David Pastrnak.
4:20 of 1st period - Stopped by Stuart Skinner with a rebound.
4:22 of 1st period - Minor Penalty to Frank Vatrano for Holding.
4:23 of 1st period - Ryan Nugent-Hopkins wins face-off versus Tim Stutzle in Minnesota North Stars zone.
4:34 of 1st period - Adam Lowry is hit by Tim Stutzle and loses puck.
6:22 of 1st period - Penalty to Frank Vatrano is over, Frank Vatrano is back on ice.
6:30 of 1st period - Icing by Rasmus Dahlin.
6:31 of 1st period - Nick Bonino wins face-off versus Derick Brassard in Minnesota North Stars zone.
6:36 of 1st period - Wrist shot by Kyle Palmieri.
6:36 of 1st period - Shot Misses the Net.
7:00 of 1st period - Wrist shot by Nick Schmaltz.
7:00 of 1st period - Stopped by Stuart Skinner without a rebound.
7:01 of 1st period - Dylan Strome wins face-off versus Jonathan Toews in Minnesota North Stars zone.
7:14 of 1st period - Wrist shot by Jesper Bratt.
7:14 of 1st period - Deflect By Nick Schmaltz.
7:14 of 1st period - Stopped by Stuart Skinner with a rebound.
7:47 of 1st period - Wrist shot by Kyle Palmieri.
7:47 of 1st period - Stopped by Stuart Skinner without a rebound.
7:48 of 1st period - Evgeni Malkin wins face-off versus Nick Bonino in Minnesota North Stars zone.
7:48 of 1st period - Evgeni Malkin is hit by Victor Hedman.
8:02 of 1st period - Wrist shot by Kyle Palmieri.
8:02 of 1st period - Shot Blocked by Jamie Oleksiak.
8:04 of 1st period - Snap shot by Nick Bonino.
8:04 of 1st period - Shot Blocked by Jamie Oleksiak.
8:10 of 1st period - Minor Penalty to Brandon Montour for Hooking.
8:11 of 1st period - Ryan O'Reilly wins face-off versus Evgeni Malkin in Minnesota North Stars zone.
8:38 of 1st period - Tim Stutzle is hit by Gustav Forsling.
9:18 of 1st period - Ryan O'Reilly is hit by Jamie Oleksiak and loses puck.
9:56 of 1st period - Adam Lowry is hit by Nikita Kucherov and loses puck.
10:10 of 1st period - Penalty to Brandon Montour is over, Brandon Montour is back on ice.
11:01 of 1st period - Rasmus Dahlin is hit by Martin Fehervary and loses puck.
11:13 of 1st period - Icing by Martin Fehervary.
11:14 of 1st period - Evgeni Malkin wins face-off versus Ryan O'Reilly in Colorado Rockies zone.
11:37 of 1st period - Martin Fehervary is hit by Jamie Oleksiak and loses puck.
11:44 of 1st period - Adam Lowry is hit by Roman Josi and loses puck.
11:59 of 1st period - Wrist shot by Eeli Tolvanen.
11:59 of 1st period - Deflect By Evan Rodrigues.
11:59 of 1st period - Stopped by Andrei Vasilevskiy with a rebound.
12:19 of 1st period - Snap shot by Nick Schmaltz.
12:19 of 1st period - Shot Misses the Net.
12:21 of 1st period - Slapshot by Victor Hedman.
12:21 of 1st period - Shot Blocked by Rasmus Dahlin.
12:23 of 1st period - Snap shot by Nick Schmaltz.
12:23 of 1st period - Shot Blocked by Alexander Barabanov.
12:25 of 1st period - Slapshot by Jesper Bratt.
12:25 of 1st period - Deflect By Nick Schmaltz.
12:25 of 1st period - Goal by Nick Schmaltz - Colorado Rockies : 1 - Minnesota North Stars : 0.
12:26 of 1st period - Ryan Nugent-Hopkins wins face-off versus Evgeny Kuznetsov in neutral zone.
12:31 of 1st period - Snap shot by Jack Hughes.
12:31 of 1st period - Deflect By Adam Lowry.
12:31 of 1st period - Shot Misses the Net.
12:31 of 1st period - Puck is out of play.
12:32 of 1st period - Ryan Nugent-Hopkins wins face-off versus Evgeny Kuznetsov in Colorado Rockies zone.
12:47 of 1st period - Snap shot by Evgeny Kuznetsov.
12:47 of 1st period - Stopped by Stuart Skinner without a rebound.
12:48 of 1st period - Ryan O'Reilly wins face-off versus Evgeni Malkin in Minnesota North Stars zone.
12:51 of 1st period - Snap shot by Tim Stutzle.
12:51 of 1st period - Deflect By Nikita Kucherov.
12:51 of 1st period - Stopped by Stuart Skinner without a rebound.
12:52 of 1st period - Ryan O'Reilly wins face-off versus Evgeni Malkin in Minnesota North Stars zone.
12:53 of 1st period - Wrist shot by Nikita Kucherov.
12:53 of 1st period - Deflect By Rasmus Dahlin.
12:53 of 1st period - Shot Misses the Net.
12:53 of 1st period - Puck is out of play.
12:54 of 1st period - Ryan O'Reilly wins face-off versus Evgeni Malkin in Minnesota North Stars zone.
13:53 of 1st period - Off-side.
13:54 of 1st period - Ryan O'Reilly wins face-off versus Evgeni Malkin in neutral zone.
14:05 of 1st period - Snap shot by Viktor Arvidsson.
14:05 of 1st period - Stopped by Andrei Vasilevskiy with a rebound.
14:07 of 1st period - Minor Penalty to Nikita Kucherov for Hooking.
14:08 of 1st period - Ryan Nugent-Hopkins wins face-off versus Ryan O'Reilly in Colorado Rockies zone.
16:07 of 1st period - Penalty to Nikita Kucherov is over, Nikita Kucherov is back on ice.
16:24 of 1st period - Minor Penalty to Nick Schmaltz for Holding.
16:25 of 1st period - Evgeny Kuznetsov wins face-off versus Ryan Nugent-Hopkins in Colorado Rockies zone.
16:46 of 1st period - Victor Hedman is hit by Ryan Nugent-Hopkins and loses puck.
17:01 of 1st period - Snap shot by Evgeni Malkin.
17:01 of 1st period - Shot Blocked by Roman Josi.
17:03 of 1st period - Slapshot by Alexander Barabanov.
17:03 of 1st period - Deflect By Evgeni Malkin.
17:03 of 1st period - Shot Misses the Net.
17:03 of 1st period - Puck is out of play.
17:04 of 1st period - Evgeni Malkin wins face-off versus Ryan O'Reilly in Colorado Rockies zone.
17:15 of 1st period - Snap shot by Evgeni Malkin.
17:15 of 1st period - Stopped by Andrei Vasilevskiy without a rebound.
17:16 of 1st period - Evgeni Malkin wins face-off versus Evgeny Kuznetsov in Colorado Rockies zone.
18:24 of 1st period - Penalty to Nick Schmaltz is over, Nick Schmaltz is back on ice.
18:29 of 1st period - Justin Holl is hit by Evgeny Kuznetsov and loses puck.
19:01 of 1st period - Wrist shot by Nick Schmaltz.
19:01 of 1st period - Stopped by Stuart Skinner without a rebound.
19:02 of 1st period - Ryan Nugent-Hopkins wins face-off versus Nick Bonino in Minnesota North Stars zone.
19:16 of 1st period - Icing by Nick Bonino.
19:17 of 1st period - Evgeni Malkin wins face-off versus Nick Bonino in Colorado Rockies zone.
19:46 of 1st period - Snap shot by Nick Bonino.
19:46 of 1st period - Stopped by Stuart Skinner with a rebound.
19:48 of 1st period - Slapshot by Shea Theodore.
19:48 of 1st period - Stopped by Stuart Skinner with a rebound.
19:50 of 1st period - Slapshot by Nick Bonino.
19:50 of 1st period - Stopped by Stuart Skinner with a rebound.
19:54 of 1st period - Wrist shot by Kyle Palmieri.
19:54 of 1st period - Stopped by Stuart Skinner without a rebound.
19:55 of 1st period - Jonathan Toews wins face-off versus Ryan O'Reilly in Minnesota North Stars zone.
Goals for this period are 1 for Colorado Rockies vs 0 for Minnesota North Stars.
Shots for this period are 14 for Colorado Rockies vs 7 for Minnesota North Stars.
2nd period
0:01 of 2nd period - Ryan O'Reilly wins face-off versus Ryan Nugent-Hopkins in neutral zone.
0:28 of 2nd period - Wrist shot by Jeff Skinner.
0:28 of 2nd period - Deflect By Jonathan Toews.
0:28 of 2nd period - Stopped by Andrei Vasilevskiy with a rebound.
0:30 of 2nd period - Snap shot by Jonathan Toews.
0:30 of 2nd period - Deflect By Jeff Skinner.
0:30 of 2nd period - Shot Misses the Net.
0:30 of 2nd period - Puck is out of play.
0:31 of 2nd period - Jonathan Toews wins face-off versus Evgeny Kuznetsov in Colorado Rockies zone.
0:58 of 2nd period - Evgeni Malkin is hit by Ryan O'Reilly.
1:28 of 2nd period - Wrist shot by Tim Stutzle.
1:28 of 2nd period - Deflect By Ryan Nugent-Hopkins.
1:28 of 2nd period - Stopped by Stuart Skinner without a rebound.
1:29 of 2nd period - Evgeni Malkin wins face-off versus Evgeny Kuznetsov in Minnesota North Stars zone.
1:40 of 2nd period - Off-side.
1:41 of 2nd period - Ryan Nugent-Hopkins wins face-off versus Evgeny Kuznetsov in neutral zone.
1:51 of 2nd period - Off-side.
1:52 of 2nd period - Ryan O'Reilly wins face-off versus Evgeni Malkin in neutral zone.
2:05 of 2nd period - Wrist shot by Viktor Arvidsson.
2:05 of 2nd period - Stopped by Andrei Vasilevskiy with a rebound.
2:54 of 2nd period - Slapshot by Rasmus Dahlin.
2:54 of 2nd period - Shot Misses the Net.
2:56 of 2nd period - Wrist shot by Neal Pionk.
2:56 of 2nd period - Shot Blocked by Victor Hedman.
3:14 of 2nd period - Snap shot by Kevin Hayes.
3:14 of 2nd period - Stopped by Stuart Skinner without a rebound.
3:15 of 2nd period - Ryan O'Reilly wins face-off versus Evgeni Malkin in Minnesota North Stars zone.
3:18 of 2nd period - Wrist shot by Tim Stutzle.
3:18 of 2nd period - Deflect By Nikita Kucherov.
3:18 of 2nd period - Stopped by Stuart Skinner with a rebound.
4:05 of 2nd period - Minor Penalty to Evgeny Kuznetsov for Holding.
4:06 of 2nd period - Ryan Nugent-Hopkins wins face-off versus Tim Stutzle in Colorado Rockies zone.
4:23 of 2nd period - Wrist shot by Jack Hughes.
4:23 of 2nd period - Stopped by Andrei Vasilevskiy without a rebound.
4:24 of 2nd period - Evgeni Malkin wins face-off versus Ryan O'Reilly in Colorado Rockies zone.
4:27 of 2nd period - Snap shot by Evgeni Malkin.
4:27 of 2nd period - Stopped by Andrei Vasilevskiy without a rebound.
4:28 of 2nd period - Nick Schmaltz wins face-off versus Evgeni Malkin in Colorado Rockies zone.
4:28 of 2nd period - Nick Schmaltz is hit by Brandon Montour.
4:36 of 2nd period - Snap shot by Alexander Barabanov.
4:36 of 2nd period - Stopped by Andrei Vasilevskiy without a rebound.
4:37 of 2nd period - Nick Schmaltz wins face-off versus Viktor Arvidsson in Colorado Rockies zone.
6:05 of 2nd period - Penalty to Evgeny Kuznetsov is over, Evgeny Kuznetsov is back on ice.
6:12 of 2nd period - Off-side.
6:13 of 2nd period - Evgeny Kuznetsov wins face-off versus Derick Brassard in neutral zone.
6:18 of 2nd period - Slapshot by David Pastrnak.
6:18 of 2nd period - Shot Misses the Net.
6:20 of 2nd period - Snap shot by Evgeny Kuznetsov.
6:20 of 2nd period - Stopped by Stuart Skinner without a rebound.
6:21 of 2nd period - Evgeni Malkin wins face-off versus Evgeny Kuznetsov in Minnesota North Stars zone.
6:21 of 2nd period - Evgeni Malkin is hit by David Pastrnak.
6:51 of 2nd period - Wrist shot by Nikita Kucherov.
6:51 of 2nd period - Stopped by Stuart Skinner without a rebound.
6:52 of 2nd period - Ryan O'Reilly wins face-off versus Adam Lowry in Minnesota North Stars zone.
6:57 of 2nd period - Wrist shot by Nikita Kucherov.
6:57 of 2nd period - Stopped by Stuart Skinner without a rebound.
6:58 of 2nd period - Ryan Nugent-Hopkins wins face-off versus Ryan O'Reilly in Minnesota North Stars zone.
7:00 of 2nd period - Minor Penalty to Adam Lowry for Roughing.
7:01 of 2nd period - Ryan O'Reilly wins face-off versus Evgeni Malkin in Minnesota North Stars zone.
7:09 of 2nd period - Snap shot by Jesper Bratt.
7:09 of 2nd period - Shot Blocked by Jamie Oleksiak.
7:11 of 2nd period - Wrist shot by Ryan O'Reilly.
7:11 of 2nd period - Shot Misses the Net.
7:13 of 2nd period - Wrist shot by Jesper Bratt.
7:13 of 2nd period - Deflect By David Pastrnak.
7:13 of 2nd period - Shot Misses the Net.
7:13 of 2nd period - Puck is out of play.
7:14 of 2nd period - Ryan Nugent-Hopkins wins face-off versus Tim Stutzle in Minnesota North Stars zone.
8:28 of 2nd period - Slapshot by Nikita Kucherov.
8:28 of 2nd period - Goal by Nikita Kucherov - Colorado Rockies : 2 - Minnesota North Stars : 0.
8:29 of 2nd period - Dylan Strome wins face-off versus Evgeni Malkin in neutral zone.
8:32 of 2nd period - Snap shot by Nick Schmaltz.
8:32 of 2nd period - Stopped by Stuart Skinner without a rebound.
8:33 of 2nd period - Dylan Strome wins face-off versus Viktor Arvidsson in Minnesota North Stars zone.
10:15 of 2nd period - Minor Penalty to Roman Josi for Tripping.
10:16 of 2nd period - Evgeni Malkin wins face-off versus Ryan O'Reilly in Colorado Rockies zone.
10:23 of 2nd period - Wrist shot by Alexander Barabanov.
10:23 of 2nd period - Goal by Alexander Barabanov - Colorado Rockies : 2 - Minnesota North Stars : 1.
10:24 of 2nd period - Ryan Nugent-Hopkins wins face-off versus Ryan O'Reilly in neutral zone.
10:24 of 2nd period - Jamie Oleksiak is hit by Ryan O'Reilly and loses puck.
10:40 of 2nd period - Snap shot by Tim Stutzle.
10:40 of 2nd period - Stopped by Stuart Skinner without a rebound.
10:41 of 2nd period - Evgeny Kuznetsov wins face-off versus Jonathan Toews in Minnesota North Stars zone.
11:08 of 2nd period - Tim Stutzle is hit by Rasmus Dahlin and loses puck.
13:06 of 2nd period - Minor Penalty to Neal Pionk for Hooking.
13:07 of 2nd period - Ryan O'Reilly wins face-off versus Evgeni Malkin in Minnesota North Stars zone.
13:20 of 2nd period - Snap shot by Victor Hedman.
13:20 of 2nd period - Stopped by Stuart Skinner without a rebound.
13:21 of 2nd period - Ryan O'Reilly wins face-off versus Ryan Nugent-Hopkins in Minnesota North Stars zone.
13:45 of 2nd period - Ryan O'Reilly is hit by Gustav Forsling and loses puck.
14:16 of 2nd period - Evgeni Malkin is hit by Tim Stutzle and loses puck.
15:06 of 2nd period - Penalty to Neal Pionk is over, Neal Pionk is back on ice.
15:23 of 2nd period - Evan Rodrigues is hit by Zachary Werenski and loses puck.
15:47 of 2nd period - Off-side.
15:48 of 2nd period - Jonathan Toews wins face-off versus Evgeny Kuznetsov in neutral zone.
15:53 of 2nd period - Snap shot by Alexander Barabanov.
15:53 of 2nd period - Stopped by Andrei Vasilevskiy with a rebound.
16:06 of 2nd period - Off-side.
16:07 of 2nd period - Nick Bonino wins face-off versus Ryan Nugent-Hopkins in neutral zone.
16:10 of 2nd period - Slapshot by Victor Hedman.
16:10 of 2nd period - Shot Misses the Net.
16:12 of 2nd period - Snap shot by Kyle Palmieri.
16:12 of 2nd period - Shot Misses the Net.
16:14 of 2nd period - Snap shot by Nick Bonino.
16:14 of 2nd period - Stopped by Stuart Skinner with a rebound.
16:16 of 2nd period - Snap shot by Kevin Hayes.
16:16 of 2nd period - Stopped by Stuart Skinner with a rebound.
16:18 of 2nd period - Wrist shot by Roman Josi.
16:18 of 2nd period - Shot Misses the Net.
16:20 of 2nd period - Slapshot by Victor Hedman.
16:20 of 2nd period - Shot Misses the Net.
16:34 of 2nd period - Snap shot by Dylan Strome.
16:34 of 2nd period - Goal by Dylan Strome - Colorado Rockies : 3 - Minnesota North Stars : 1.
16:35 of 2nd period - Ryan O'Reilly wins face-off versus Evgeni Malkin in neutral zone.
17:09 of 2nd period - Slapshot by Brandon Montour.
17:09 of 2nd period - Shot Blocked by David Pastrnak.
17:11 of 2nd period - Slapshot by Jonathan Toews.
17:11 of 2nd period - Shot Misses the Net.
17:13 of 2nd period - Snap shot by Jeff Skinner.
17:13 of 2nd period - Stopped by Andrei Vasilevskiy without a rebound.
17:14 of 2nd period - Nikita Kucherov wins face-off versus Ryan Nugent-Hopkins in Colorado Rockies zone.
17:52 of 2nd period - Minor Penalty to Evgeny Kuznetsov for Holding.
17:53 of 2nd period - Ryan Nugent-Hopkins wins face-off versus Nick Schmaltz in Colorado Rockies zone.
18:05 of 2nd period - Backhand shot by Jack Hughes.
18:05 of 2nd period - Shot Blocked by Roman Josi.
18:07 of 2nd period - Wrist shot by Ryan Nugent-Hopkins.
18:07 of 2nd period - Shot Blocked by Victor Hedman.
18:09 of 2nd period - Slapshot by Jeff Skinner.
18:09 of 2nd period - Stopped by Andrei Vasilevskiy with a rebound.
19:52 of 2nd period - Penalty to Evgeny Kuznetsov is over, Evgeny Kuznetsov is back on ice.
Goals for this period are 2 for Colorado Rockies vs 1 for Minnesota North Stars.
Shots for this period are 13 for Colorado Rockies vs 9 for Minnesota North Stars.
3rd period
0:01 of 3rd period - Nikita Kucherov wins face-off versus Viktor Arvidsson in neutral zone.
0:03 of 3rd period - Victor Hedman is hit by Frank Vatrano and loses puck.
0:33 of 3rd period - Wrist shot by Evgeni Malkin.
0:33 of 3rd period - Stopped by Andrei Vasilevskiy with a rebound.
0:35 of 3rd period - Minor Penalty to Quinn Hughes for Holding Stick.
0:36 of 3rd period - Ryan Nugent-Hopkins wins face-off versus Ryan O'Reilly in Colorado Rockies zone.
0:41 of 3rd period - Backhand shot by Ryan Nugent-Hopkins.
0:41 of 3rd period - Stopped by Andrei Vasilevskiy without a rebound.
0:42 of 3rd period - Ryan O'Reilly wins face-off versus Ryan Nugent-Hopkins in Colorado Rockies zone.
0:48 of 3rd period - Icing by Jack Hughes.
0:49 of 3rd period - Ryan Nugent-Hopkins wins face-off versus Evgeny Kuznetsov in Minnesota North Stars zone.
0:54 of 3rd period - Slapshot by Neal Pionk.
0:54 of 3rd period - Shot Misses the Net.
2:11 of 3rd period - Slapshot by Ryan Nugent-Hopkins.
2:11 of 3rd period - Goal by Ryan Nugent-Hopkins - Colorado Rockies : 3 - Minnesota North Stars : 2.
2:12 of 3rd period - Evgeni Malkin wins face-off versus Dylan Strome in neutral zone.
2:23 of 3rd period - Viktor Arvidsson is hit by Quinn Hughes and loses puck.
2:59 of 3rd period - Jonathan Toews is hit by Victor Hedman and loses puck.
3:06 of 3rd period - Quinn Hughes is hit by Alexander Barabanov and loses puck.
3:14 of 3rd period - Icing by Kyle Connor.
3:15 of 3rd period - Evgeni Malkin wins face-off versus Evgeny Kuznetsov in Colorado Rockies zone.
4:08 of 3rd period - Minor Penalty to Evgeny Kuznetsov for Tripping.
4:09 of 3rd period - Ryan O'Reilly wins face-off versus Evgeni Malkin in Colorado Rockies zone.
4:17 of 3rd period - Off-side.
4:18 of 3rd period - Ryan O'Reilly wins face-off versus Evgeni Malkin in neutral zone.
4:25 of 3rd period - Snap shot by Ryan O'Reilly.
4:25 of 3rd period - Stopped by Stuart Skinner with a rebound.
4:27 of 3rd period - Slapshot by Zachary Werenski.
4:27 of 3rd period - Stopped by Stuart Skinner without a rebound.
4:28 of 3rd period - Ryan O'Reilly wins face-off versus Evgeni Malkin in Minnesota North Stars zone.
4:43 of 3rd period - Ryan O'Reilly is hit by Evgeni Malkin and loses puck.
6:08 of 3rd period - Penalty to Evgeny Kuznetsov is over, Evgeny Kuznetsov is back on ice.
7:10 of 3rd period - Wrist shot by David Pastrnak.
7:10 of 3rd period - Stopped by Stuart Skinner without a rebound.
7:11 of 3rd period - Evgeny Kuznetsov wins face-off versus Ryan Nugent-Hopkins in Minnesota North Stars zone.
7:16 of 3rd period - Snap shot by Neal Pionk.
7:16 of 3rd period - Shot Blocked by Evgeny Kuznetsov.
7:30 of 3rd period - Zachary Werenski is hit by Rasmus Dahlin and loses puck.
7:53 of 3rd period - Snap shot by Nikita Kucherov.
7:53 of 3rd period - Stopped by Stuart Skinner with a rebound.
8:12 of 3rd period - Quinn Hughes is hit by Jamie Oleksiak and loses puck.
8:17 of 3rd period - Wrist shot by Ryan Nugent-Hopkins.
8:17 of 3rd period - Goal by Ryan Nugent-Hopkins - Colorado Rockies : 3 - Minnesota North Stars : 3.
8:18 of 3rd period - Ryan O'Reilly wins face-off versus Ryan Nugent-Hopkins in neutral zone.
9:38 of 3rd period - Off-side.
9:39 of 3rd period - Derick Brassard wins face-off versus Ryan O'Reilly in neutral zone.
9:44 of 3rd period - Slapshot by Derick Brassard.
9:44 of 3rd period - Deflect By Eeli Tolvanen.
9:44 of 3rd period - Shot Blocked by Roman Josi.
9:44 of 3rd period - Puck is out of play.
9:45 of 3rd period - Ryan Nugent-Hopkins wins face-off versus Ryan O'Reilly in Colorado Rockies zone.
9:57 of 3rd period - Tim Stutzle is hit by Adam Lowry and loses puck.
10:04 of 3rd period - Justin Holl is hit by Tim Stutzle and loses puck.
10:17 of 3rd period - Snap shot by Nikita Kucherov.
10:17 of 3rd period - Shot Misses the Net.
10:19 of 3rd period - Snap shot by Tim Stutzle.
10:19 of 3rd period - Shot Misses the Net.
10:21 of 3rd period - Slapshot by Roman Josi.
10:21 of 3rd period - Shot Blocked by Justin Holl.
10:56 of 3rd period - Minor Penalty to Gustav Forsling for Interference.
10:57 of 3rd period - Evgeni Malkin wins face-off versus Jesper Bratt in Minnesota North Stars zone.
10:57 of 3rd period - Evgeni Malkin is hit by Nick Bonino.
12:17 of 3rd period - Slapshot by Nick Schmaltz.
12:17 of 3rd period - Stopped by Stuart Skinner with a rebound.
12:19 of 3rd period - Slapshot by Quinn Hughes.
12:19 of 3rd period - Shot Misses the Net.
12:56 of 3rd period - Penalty to Gustav Forsling is over, Gustav Forsling is back on ice.
13:07 of 3rd period - Snap shot by Eeli Tolvanen.
13:07 of 3rd period - Stopped by Andrei Vasilevskiy without a rebound.
13:08 of 3rd period - Derick Brassard wins face-off versus Nick Bonino in Colorado Rockies zone.
13:13 of 3rd period - Snap shot by Brandon Montour.
13:13 of 3rd period - Shot Misses the Net.
13:15 of 3rd period - Wrist shot by Brandon Montour.
13:15 of 3rd period - Stopped by Andrei Vasilevskiy without a rebound.
13:16 of 3rd period - Jonathan Toews wins face-off versus Dylan Strome in Colorado Rockies zone.
13:17 of 3rd period - Wrist shot by Jeff Skinner.
13:17 of 3rd period - Shot Misses the Net.
13:58 of 3rd period - Frank Vatrano is hit by Ryan O'Reilly and loses puck.
14:12 of 3rd period - Victor Hedman is hit by Neal Pionk and loses puck.
14:29 of 3rd period - Minor Penalty to Rasmus Dahlin for Tripping.
14:30 of 3rd period - Ryan O'Reilly wins face-off versus Ryan Nugent-Hopkins in Minnesota North Stars zone.
15:10 of 3rd period - Slapshot by Roman Josi.
15:10 of 3rd period - Deflect By Evgeni Malkin.
15:10 of 3rd period - Stopped by Stuart Skinner without a rebound.
15:11 of 3rd period - Evgeni Malkin wins face-off versus Kyle Connor in Minnesota North Stars zone.
15:46 of 3rd period - Icing by Jesper Bratt.
15:47 of 3rd period - Evgeni Malkin wins face-off versus Ryan O'Reilly in Colorado Rockies zone.
16:23 of 3rd period - Slapshot by Jesper Bratt.
16:23 of 3rd period - Shot Blocked by Jamie Oleksiak.
16:29 of 3rd period - Penalty to Rasmus Dahlin is over, Rasmus Dahlin is back on ice.
16:53 of 3rd period - Slapshot by David Pastrnak.
16:53 of 3rd period - Stopped by Stuart Skinner without a rebound.
16:54 of 3rd period - Ryan Nugent-Hopkins wins face-off versus Nick Bonino in Minnesota North Stars zone.
17:07 of 3rd period - Snap shot by Ryan Nugent-Hopkins.
17:07 of 3rd period - Shot Misses the Net.
17:09 of 3rd period - Slapshot by Neal Pionk.
17:09 of 3rd period - Deflect By Shea Theodore.
17:09 of 3rd period - Stopped by Andrei Vasilevskiy with a rebound.
17:11 of 3rd period - Slapshot by Neal Pionk.
17:11 of 3rd period - Shot Blocked by Shea Theodore.
17:21 of 3rd period - Derick Brassard is hit by Evgeny Kuznetsov and loses puck.
Goals for this period are 0 for Colorado Rockies vs 2 for Minnesota North Stars.
Shots for this period are 7 for Colorado Rockies vs 7 for Minnesota North Stars.
Overtime #1
0:01 of 1st overtime period - Tim Stutzle wins face-off versus Ryan Nugent-Hopkins in neutral zone.
3:13 of 1st overtime period - Evgeni Malkin is hit by Evgeny Kuznetsov and loses puck.
3:37 of 1st overtime period - Icing by Rasmus Dahlin.
3:38 of 1st overtime period - Adam Lowry wins face-off versus Nick Schmaltz in Minnesota North Stars zone.
3:50 of 1st overtime period - Rasmus Dahlin is hit by Nick Schmaltz and loses puck.
4:07 of 1st overtime period - Wrist shot by Adam Lowry.
4:07 of 1st overtime period - Stopped by Andrei Vasilevskiy without a rebound.
4:08 of 1st overtime period - Ryan O'Reilly wins face-off versus Ryan Nugent-Hopkins in Colorado Rockies zone.
4:13 of 1st overtime period - Backhand shot by Roman Josi.
4:13 of 1st overtime period - Stopped by Stuart Skinner with a rebound.
4:15 of 1st overtime period - Wrist shot by Roman Josi.
4:15 of 1st overtime period - Deflect By Ryan O'Reilly.
4:15 of 1st overtime period - Stopped by Stuart Skinner without a rebound.
4:16 of 1st overtime period - Ryan Nugent-Hopkins wins face-off versus Ryan O'Reilly in Minnesota North Stars zone.
4:33 of 1st overtime period - Slapshot by Roman Josi.
4:33 of 1st overtime period - Stopped by Stuart Skinner without a rebound.
4:34 of 1st overtime period - Evgeni Malkin wins face-off versus Tim Stutzle in Minnesota North Stars zone.
4:43 of 1st overtime period - Neal Pionk is hit by Zachary Werenski and loses puck.
Goals for this period are 0 for Colorado Rockies vs 0 for Minnesota North Stars.
Shots for this period are 3 for Colorado Rockies vs 1 for Minnesota North Stars.
ShootOut
5:00 of 1st overtime period - Round #1.
5:00 of 1st overtime period - Colorado Rockies, Tim Stutzle.
5:00 of 1st overtime period - Wrist shot by Tim Stutzle.
5:00 of 1st overtime period - Goal by Tim Stutzle.
5:00 of 1st overtime period - Minnesota North Stars, Ryan Nugent-Hopkins.
5:00 of 1st overtime period - Backhand shot by Ryan Nugent-Hopkins.
5:00 of 1st overtime period - Stopped by Andrei Vasilevskiy.
5:00 of 1st overtime period - Round #2.
5:00 of 1st overtime period - Colorado Rockies, Nikita Kucherov.
5:00 of 1st overtime period - Snap shot by Nikita Kucherov.
5:00 of 1st overtime period - Stopped by Stuart Skinner.
5:00 of 1st overtime period - Minnesota North Stars, Evgeni Malkin.
5:00 of 1st overtime period - Deke by Evgeni Malkin.
5:00 of 1st overtime period - Goal by Evgeni Malkin.
5:00 of 1st overtime period - Round #3.
5:00 of 1st overtime period - Colorado Rockies, David Pastrnak.
5:00 of 1st overtime period - Wrist shot by David Pastrnak.
5:00 of 1st overtime period - Stopped by Stuart Skinner.
5:00 of 1st overtime period - Minnesota North Stars, Rasmus Dahlin.
5:00 of 1st overtime period - Wrist shot by Rasmus Dahlin.
5:00 of 1st overtime period - Shot Misses the Net.
5:00 of 1st overtime period - Round #4.
5:00 of 1st overtime period - Colorado Rockies, Kyle Connor.
5:00 of 1st overtime period - Deke by Kyle Connor.
5:00 of 1st overtime period - Goal by Kyle Connor.
5:00 of 1st overtime period - Minnesota North Stars, Evan Rodrigues.
5:00 of 1st overtime period - Snap shot by Evan Rodrigues.
5:00 of 1st overtime period - Stopped by Andrei Vasilevskiy.
Back to the Top